 Dungeon Crawl Stone Soup version 0.30-a0-389-g8d7d949f56 (webtiles) character file.

Game seed: 12240503347693947078

111 Anamonty the Vexing (level 4, -1/35 HPs)
             Began as a Barachi Hexslinger on Dec 3, 2022.
             Slain by an orc
             ... wielding a +3 dagger
              (6 damage)
             ... on level 3 of the Dungeon.
             The game lasted 00:05:28 (2202 turns).

Anamonty the Vexing (Barachi Hexslinger)            Turns: 2202, Time: 00:05:29

Health: -1/35      AC:  3    Str: 11    XL:     4   Next: 92%
Magic:  5/5        EV: 13    Int: 13    God:
Gold:   100        SH:  0    Dex: 15    Spells: 4/5 levels left

rFire   . . .      SeeInvis .    a - +1 sling
rCold   . . .      Faith    .    (no shield)
rNeg    . . .      Spirit   .    c - +0 robe
rPois   .          Reflect  .    b - +1 hat
rElec   .          Harm     .    (no cloak)
rCorr   .          Rampage  .    (no gloves)
Will    .....                    (no boots)
Stlth   +.........               (no amulet)
HPRegen 0.25/turn                (no ring)
MPRegen 0.09/turn                (no ring)

@: confused, unable to hop, slow
A: amphibious, slowness 1, strong legs 1, +LOS
a: Hop


You were on level 3 of the Dungeon.
You visited 1 branch of the dungeon, and saw 3 of its levels.

You collected 100 gold pieces.

Inventory:

Hand Weapons
 a - a +1 sling (weapon)
Armour
 b - a +1 hat (worn)
 c - a +0 robe (worn)
Jewellery
 h - a +6 ring of strength
Wands
 e - a wand of charming (10)
Scrolls
 d - 2 scrolls of blinking
 f - a scroll of identify
 i - a scroll of silence
 j - a scroll of summoning
 k - a scroll of enchant armour {unknown}
 l - a scroll of vulnerability {unknown}
 m - a scroll of butterflies {unknown}
 n - a scroll of fear {unknown}
Potions
 g - a potion of brilliance


   Skills:
 * Level 3.1 Fighting
 * Level 3.0 Ranged Weapons
 + Level 2.9 Dodging
 - Level 1.1 Spellcasting
 * Level 4.1 Hexes


You had 4 spell levels left.
You knew the following spells:

 Your Spells              Type           Power      Damage    Failure   Level
a - Slow                  Hex            44%        N/A       4%          1

Your spell library contained the following spells:

 Spells                   Type           Power      Damage    Failure   Level
 Inner Flame              Hex/Fire       6%         N/A       34%         3
 Portal Projectile        Hex/Tloc       12%        N/A       34%         3
 Cause Fear               Hex            5%         N/A       45%         4


Dungeon Overview and Level Annotations

Branches:
Dungeon (3/15)

Altars:

Annotations:
D:2 Sigmund


Innate Abilities, Weirdness & Mutations

You are amphibious.
You cover ground slowly.
You can hop short distances.
You have an extended range of vision and can be seen from far away.


Message History

You shoot a sling bullet.
The sling bullet closely misses the orc wizard.
The sling bullet hits the orc.
The orc is moderately wounded.
The orc wizard closely misses you.
You shoot a sling bullet. The sling bullet hits the orc wizard.
The orc wizard is severely wounded.
The orc wizard casts a spell at you.
You are confused.
The orc wizard mumbles some strange words.
The orc wizard flickers and vanishes!
Deactivating autopickup; reactivate with Ctrl-A.
You are too confused!
You hear some strange, mumbled words.
You are more confused.
Okay, then.
You bump into the rock wall.
You hear some strange, mumbled words.
You are more confused.
You bump into the rock wall.
Something hits you but does no damage.
Found 4 poisoned darts.
Something hits you but does no damage.
You hear some strange, mumbled words.
Something tries to affect you, but you resist.
A magic dart appears from out of thin air!
The magic dart hits you!
There is a stone staircase leading down here.
The orc hits you with a +3 dagger.
You're too confused to move!
Something hits you.
You barely miss something. The orc hits you with a +3 dagger.
The orc barely misses you.
You hear some strange, mumbled words.
A puff of flame appears from out of thin air!
The puff of flame hits you. The orc attacks as you move away!
The orc hits you with a +0 flail.
* * * LOW HITPOINT WARNING * * *
Something hits you.
* * * LOW HITPOINT WARNING * * *
The orc hits you with a +3 dagger.
You die...

...# #.... ..# ...#
##....##.# ....
.......... ...#
##........ # ...
..........
#.######.###
#.#.......
#..........#
#.#.####.# #.......#
#.#...#... #....@o.#
#.###..... #.....o.#
#....#####
#....>..#####.........
###.#......)..........
#.#.########...#####
#.#.# #...# # #(#
#...# #.. #...# ###
####...#


You could see 2 orcs.

Vanquished Creatures
  Terence (D:2)
  4 adders
  A worm (D:2)
  3 dart slugs
  An orc (D:3)
  2 bats (D:1)
  3 endoplasms (D:1)
  A giant cockroach (D:1)
  A goblin (D:1)
  9 hobgoblins
  3 kobolds
  4 quokkas
  A ball python (D:3)
  5 frilled lizards
  4 rats
43 creatures vanquished.

Vanquished Creatures (others)
  5 plants (D:2)
5 creatures vanquished.

Grand Total: 48 creatures vanquished

Notes
Turn   | Place    | Note
-------+----------+-------------------------------------------
     0 | D:1      | Anamonty the Barachi Hexslinger began the quest for the
                  | Orb.
     0 | D:1      | Reached XP level 1. HP: 15/15 MP: 2/2
    78 | D:1      | Reached XP level 2. HP: 19/21 MP: 3/3
   210 | D:1      | Found a faded altar of an unknown god.
   438 | D:1      | Reached XP level 3. HP: 27/27 MP: 4/4
  1276 | D:2      | Noticed Terence
  1276 | D:2      | Noticed Sigmund
  1404 | D:2      | Killed Terence
  1405 | D:2      | Reached skill level 4 in Hexes
  1405 | D:2      | Reached XP level 4. HP: 22/34 MP: 5/5
  2202 | D:3      | Slain by an orc

Illustrated notes

Levels and vault maps discovered:
D:1:      elethiomel_arrival_quiet, layout_basic, basic_ecumenical_altar
D:2:      layout_basic, serial_forest, infiniplex_forest_end_3,
          infiniplex_forest_lined_2, infiniplex_forest_lined_room_2,
          infiniplex_forest_end_3, infiniplex_forest_clump_double,
          infiniplex_forest_clump_curved, infiniplex_forest_lined_room_2,
          due_unseen_surprise, uniq_robin, uniq_terence, uniq_sigmund
D:3:      layout_basic, kennysheep_generic_room_4

Skill      XL: |  1  2  3  4 |
---------------+-------------+-----
Fighting       | 2 3 |  3.1
Hexes          | 4 |  4.1
Ranged Weapons | 3 |  3.0
Dodging        | |  2.9
Spellcasting   | |  1.1

Action                   |  1- 3 |  4- 6 || total
-------------------------+-------+-------++-------
Melee: Sling             |       |     1 ||     1
 Fire: Sling             |   129 |    96 ||   225
 Cast: Slow              |     8 |     5 ||    13
 Abil: Hop               |     5 |     4 ||     9
  Use: Scroll            |     3 |     3 ||     6
       Potion            |     2 |       ||     2
Armor: Robe              |    12 |     7 ||    19
Dodge: Dodged            |    53 |    36 ||    89

Table legend: (Time is in decaauts)
 A = Elapsed time spent in this place.
 B = Non-inter-level travel time spent in this place.
 C = Inter-level travel time spent in this place.
 D = Time resting spent in this place.
 E = Time spent auto-exploring this place.
 F = Levels seen in this place.
 G = Mean time per level.
                   A        B        C        D        E       F      G
               +--------+--------+--------+--------+--------+-----+--------+
         Total |   2577 |   2532 |     45 |      0 |   1940 |   3 |  859.0 |
       Dungeon |   2577 |   2532 |     45 |      0 |   1940 |   3 |  859.0 |
               +--------+--------+--------+--------+--------+-----+--------+

Top non-repeatable levels by time:
     D:1: 1006 daAuts
     D:2: 982 daAuts
     D:3: 588 daAuts
